 Dungeon Crawl Stone Soup version 0.17-a0-389-g4a39274 (webtiles) character file.

12243 jacksonaction the Basher (level 11, -6/77 HPs)
             Began as an Octopode Berserker on Apr 1, 2015.
             Was an Elder of Trog.
             Mangled by a seven-headed hydra (12 damage)
             ... on level 3 of the Lair of Beasts.
             The game lasted 01:34:27 (13555 turns).

jacksonaction the Basher (Octopode Berserker)      Turns: 13555, Time: 01:34:31

Health: -6/77      AC:  3    Str: 19    XL:     11   Next: 90%
Magic:  14/14      EV: 25    Int: 10    God:    Trog [****..]
Gold:   414        SH:  0    Dex: 12    Spells: 0 memorised, 10 levels left

rFire  . . .     SeeInvis +     i - +2 whip (venom)
rCold  . . .     Clarity  .     (no shield)
rNeg   + . .     SustAb   .     (helmet restricted)
rPois  +         Gourm    .     (no amulet)
rElec  .         Spirit   .     r - ring of flight
rCorr  .         Warding  .     d - ring of positive energy
rMut   .         Stasis   .     J - +5 ring of evasion
MR     ++...                    I - +2 ring of protection
Stlth  +++++.....               V - ring of see invisible
                                W - +3 ring of evasion (curse)
                                Y - ring of poison resistance
                                (no ring)

@: regenerating, very resistant to hostile enchantments, quite stealthy
A: almost no armour, amphibious, 8 rings, constrict 8, camouflage 1, gelatinous
body 1
a: Burn Spellbooks, Berserk, Trog's Hand, Brothers in Arms, Renounce Religion,
Evoke Flight


You were on level 3 of the Lair of Beasts.
You worshipped Trog.
Trog was greatly pleased with you.
You were not hungry.

You visited 2 branches of the dungeon, and saw 13 of its levels.

You collected 514 gold pieces.
You spent 100 gold pieces at shops.

Inventory:

Hand weapons
 i - a +2 whip of venom (weapon)
 S - a +0 hand crossbow
Missiles
 G - 2 poisoned javelins (quivered)
 H - 7 poisoned bolts
 T - 11 bolts of frost
Jewellery
 d - a ring of positive energy (right tentacle)
 r - a ring of flight (left tentacle)
 I - a +2 ring of protection (on tentacle)
 J - a +5 ring of evasion (on tentacle)
 V - a ring of see invisible (on tentacle)
 W - a cursed +3 ring of evasion (on tentacle)
 Y - a ring of poison resistance (on tentacle)
Magical devices
 o - a wand of heal wounds (1)
 q - a wand of enslavement (20)
 x - a wand of disintegration (10)
 M - a wand of flame (17)
 O - a wand of lightning (0)
 U - a wand of confusion (31)
 X - a wand of lightning (7)
Scrolls
 b - a scroll of torment {unknown}
 j - 7 scrolls of remove curse
 k - 3 scrolls of noise {unknown}
 l - 4 scrolls of teleportation
 s - 3 scrolls of blinking
 u - a scroll of amnesia {unknown}
 v - 4 scrolls of recharging
 y - a scroll of magic mapping {unknown}
 A - 2 scrolls of fog {unknown}
 F - a scroll of enchant armour {unknown}
 L - 2 scrolls of vulnerability {unknown}
 N - a scroll of holy word {unknown}
Potions
 a - a potion of invisibility
 e - a potion of beneficial mutation {unknown}
 g - a potion of lignification {unknown}
 h - a potion of berserk rage {unknown}
 n - a potion of haste {unknown}
 p - a potion of magic {unknown}
 t - 2 potions of heal wounds
 w - 3 potions of curing
 B - 3 potions of restore abilities
 C - a potion of flight {unknown}
 D - 2 potions of ambrosia {unknown}
 K - a potion of cure mutation {unknown}
 Q - 2 potions of might {unknown}
 R - a potion of cancellation {unknown}
Comestibles
 c - 11 bread rations
 f - 7 fruits
 m - 4 meat rations
 z - a royal jelly
 Z - a beef jerky


   Skills:
 - Level 8.1 Fighting
 + Level 10.8 Maces & Flails
   Level 3.5 Polearms
 - Level 4.0 Crossbows
 + Level 10.4 Dodging
 - Level 6.2 Stealth
 * Level 6.6 Evocations


You had 10 spell levels left.
You didn't know any spells.

Dungeon Overview and Level Annotations

Branches:
Dungeon (10/15)            Temple (0/1) D:4            Lair (3/8) D:9
  Swamp: Lair:3-6    Shoals: Lair:3-6     Snake: Lair:3-6    Spider: Lair:3-6
    Orc: D:9-12

Altars:
Cheibriados
Fedhas
Makhleb
Okawaru
Vehumet
The Shining One

Shops:
D:7 [   D:9 *


Innate Abilities, Weirdness & Mutations

You cannot wear most types of armour.
You are amphibious.
You can wear up to eight rings at the same time.
You can use your tentacles to constrict eight enemies at once.
Your skin changes colour to match your surroundings (Stealth).
Your rubbery body absorbs attacks (AC +1).


Message History

The seven-headed hydra bites you!
You hit the seven-headed hydra.
The seven-headed hydra is heavily wounded.
You barely miss the seven-headed hydra.
The seven-headed hydra is heavily wounded.
The seven-headed hydra barely misses you.
The seven-headed hydra closely misses you.
The seven-headed hydra bites you. The seven-headed hydra bites you!
The seven-headed hydra bites you.
The seven-headed hydra completely misses you. x2
You hit the seven-headed hydra.
The seven-headed hydra is heavily wounded.
You whack the seven-headed hydra! You squeeze the seven-headed hydra!
The seven-headed hydra is severely wounded.
The seven-headed hydra bites you! The seven-headed hydra bites you.
* * * LOW HITPOINT WARNING * * *
The seven-headed hydra bites you!
* * * LOW HITPOINT WARNING * * *
The seven-headed hydra bites you!
You die...

..## ##..........###.....P.
...# #...........##......#
.#.# #..................###
.### ##.........#.....##..#
..# #.........#..)...##.#####
#.# ##..............#..(.#..#
#.# #.###.........###......##
#.##.#.### ##.......##
#.......# .......#..#
#..D@...# #.....###
#..........##......## #....##
............((....## ###..###
#.#.)............#####....#
####.............##.##..#.####
#............##....#.###.####
#
##...........###..#######.#.#
..
#...............#.####....##
..
##..P.......#.P.####.......#


You could see a seven-headed hydra.

Vanquished Creatures
  Erica (Lair:1)
  The ghost of Gunnerkreig the Thaumaturge, a powerful HEFE of Vehumet (Lair:2)
  Urug (Lair:1)
  The ghost of Dire the Skirmisher, an experienced GrFi of Okawaru (D:7)
  The ghost of ajon the Archer, an experienced HEHu of Okawaru (D:6)
  A black mamba (Lair:1)
  A spiny frog (Lair:2)
  A komodo dragon (Lair:2)
  A wandering mushroom (D:9)
  Grinder (D:3)
  Prince Ribbit (D:8)
  A spriggan (D:7)
  Sigmund (D:3)
  4 yaks (Lair:1)
  Grum (D:9)
  A basilisk (Lair:3)
  A steam dragon (Lair:2)
  11 wolves
  4 water moccasins (Lair:1)
  3 porcupines (Lair:1)
  4 ogres
  An orc warrior (D:6)
  2 phantoms
  2 ice beasts
  A centaur (D:9)
  A crocodile (Lair:1)
  2 big kobolds (D:9)
  6 giant frogs
  A scorpion (D:6)
  4 wights (D:8)
  6 killer bees (D:9)
  3 crimson imps
  A centaur zombie (D:8)
  3 goliath beetles
  7 hounds
  4 orc priests
  A giant frog skeleton (D:5)
  2 jellies
  3 orc wizards
  Jessica (D:3)
  A centaur skeleton (D:6)
  9 iguanas
  6 worker ants
  6 sheep (Lair:2)
  A hound zombie (D:5)
  3 gnolls (D:5)
  A worker ant zombie (D:6)
  26 river rats
  14 adders
  A giant mite (D:7)
  2 shadow imps
  7 giant geckos
  40 orcs
  3 ball pythons
  A bat zombie (D:6)
  3 giant cockroaches
  9 goblins
  14 hobgoblins
  6 jackals
  24 kobolds
  2 oozes
  10 bats
  A giant gecko zombie (D:8)
  3 giant newts
  4 quokkas
  16 rats
  A fungus (D:9)
307 creatures vanquished.

Vanquished Creatures (collateral kills)
  2 hydras
  Joseph (D:7)
3 creatures vanquished.

Vanquished Creatures (others)
  A two-headed ogre (Lair:1)
  An orc wizard (D:5)
  3 kobolds (D:9)
  3 fungi (D:9)
8 creatures vanquished.

Grand Total: 318 creatures vanquished

Notes
Turn   | Place    | Note
--------------------------------------------------------------
     0 | D:1      | jacksonaction, the Octopode Berserker, began the quest for the Orb.
     0 | D:1      | Reached XP level 1. HP: 16/16 MP: 1/1
     6 | D:1      | Noticed a black bear
     6 | D:1      | Noticed a swamp worm
     6 | D:1      | Noticed a hound
   115 | D:1      | Reached skill level 1 in Stealth
   137 | D:1      | Reached XP level 2. HP: 14/21 MP: 2/2
  1300 | D:2      | Acquired Trog's second power
  1469 | D:2      | Reached XP level 3. HP: 26/26 MP: 3/3
  1847 | D:3      | Noticed Sigmund
  1855 | D:3      | Killed Sigmund
  1855 | D:3      | Reached skill level 5 in Fighting
  1855 | D:3      | Reached XP level 4. HP: 30/35 MP: 4/4
  1855 | D:3      | Reached XP level 5. HP: 33/39 MP: 5/5
  1889 | D:3      | Noticed an ogre
  1912 | D:3      | Killed an ogre
  1912 | D:3      | Reached XP level 6. HP: 45/45 MP: 6/6
  2028 | D:3      | Noticed Jessica
  2035 | D:3      | Killed Jessica
  2060 | D:3      | Noticed Grinder
  2102 | D:3      | Killed Grinder
  2102 | D:3      | Reached XP level 7. HP: 17/50 MP: 7/7
  2811 | D:4      | Found a staircase to the Ecumenical Temple.
  3041 | D:4      | Reached skill level 5 in Maces & Flails
  4003 | D:5      | Entered Level 5 of the Dungeon
  4073 | D:5      | Reached XP level 8. HP: 55/55 MP: 8/8
  4170 | D:5      | Reached skill level 1 in Evocations
  4658 | D:5      | Reached skill level 6 in Maces & Flails
  4838 | D:5      | Acquired Trog's third power
  5184 | D:6      | Noticed ajon's ghost (experienced HEHu)
  5224 | D:6      | Killed ajon's ghost
  5224 | D:6      | Reached skill level 7 in Maces & Flails
  5224 | D:6      | Reached skill level 5 in Dodging
  5549 | D:6      | Reached XP level 9. HP: 51/61 MP: 10/10
  5715 | D:6      | Reached skill level 1 in Crossbows
  6067 | D:6      | Reached skill level 8 in Maces & Flails
  6619 | D:7      | Found a snail-covered altar of Cheibriados.
  6678 | D:7      | Noticed Joseph
  6687 | D:7      | Killed Joseph
  6758 | D:7      | Noticed Dire's ghost (experienced GrFi)
  6774 | D:7      | Killed Dire's ghost
  7074 | D:7      | Found Gihiazi's Antique Armour Emporium.
  7427 | D:7      | Reached skill level 9 in Maces & Flails
  7871 | D:8      | Got a crude dagger
  7872 | D:8      | Identified the +3 dagger "Ematicuh" {pierce, rElec} (You found it on level 8 of the Dungeon)
  7893 | D:8      | Noticed Prince Ribbit
  7903 | D:8      | Killed Prince Ribbit
  7903 | D:8      | Reached XP level 10. HP: 66/66 MP: 11/11
  7962 | D:8      | Found a blossoming altar of Fedhas.
  8041 | D:8      | Received a gift from Trog
  8203 | D:8      | Got an ichor-stained short sword
  8204 | D:8      | Identified the +8 short sword "Umir" {freeze, rN+} (You found it on level 8 of the Dungeon)
  8828 | D:9      | Found Goneeschyadgh's General Store.
  8831 | D:9      | Bought a meat ration for 50 gold pieces
  8831 | D:9      | Bought a potion of restore abilities for 50 gold pieces
  8876 | D:9      | Found a staircase to the Lair.
  9330 | D:9      | Noticed Grum
  9339 | D:9      | Reached skill level 10 in Maces & Flails
  9347 | D:9      | Killed Grum
  9446 | D:9      | Found an iron altar of Okawaru.
  9604 | D:9      | Found a radiant altar of Vehumet.
  9930 | D:9      | Found a glowing golden altar of the Shining One.
  9941 | D:9      | Found a burning altar of Makhleb.
 10035 | D:10     | Entered Level 10 of the Dungeon
 10107 | Lair:1   | Entered Level 1 of the Lair of Beasts
 10331 | Lair:1   | Noticed a seven-headed hydra
 10642 | Lair:1   | Killed a seven-headed hydra
 10672 | Lair:1   | Reached XP level 11. HP: 74/74 MP: 12/12
 10963 | Lair:1   | Noticed a black mamba
 10976 | Lair:1   | Killed a black mamba
 10976 | Lair:1   | Reached skill level 10 in Dodging
 11103 | Lair:1   | Noticed Erica
 11118 | Lair:1   | Killed Erica
 11166 | Lair:1   | Noticed Urug
 11230 | Lair:1   | Killed Urug
 11230 | Lair:1   | Reached skill level 5 in Evocations
 11336 | Lair:1   | Reached skill level 5 in Stealth
 12150 | Lair:2   | Noticed Gunnerkreig's ghost (powerful HEFE)
 12174 | Lair:2   | Killed Gunnerkreig's ghost
 13454 | Lair:3   | Noticed an eight-headed hydra
 13462 | Lair:3   | Killed an eight-headed hydra
 13542 | Lair:3   | Noticed a seven-headed hydra
 13555 | Lair:3   | Mangled by a seven-headed hydra

Action                   |  1- 3 |  4- 6 |  7- 9 | 10-12 || total
-------------------------+-------+-------+-------+-------++-------
Melee: Spear             |    49 |       |       |       ||    49
       Whip              |    17 |    29 |   321 |   418 ||   785
       Short sword       |       |       |       |    22 ||    22
 Fire: Blowgun           |       |       |     6 |       ||     6
       Hand crossbow     |       |       |     8 |    31 ||    39
Throw: Stone             |    47 |    14 |    30 |       ||    91
       Tomahawk          |       |       |    15 |    29 ||    44
       Javelin           |       |       |       |    28 ||    28
Invok: Trog's Hand       |     1 |     2 |     7 |    10 ||    20
       Berserk           |     1 |     2 |     7 |     7 ||    17
       Brothers in Arms  |       |       |     1 |     4 ||     5
       Burn Spellbooks   |       |       |     1 |     1 ||     2
Evoke: Wand              |       |       |     1 |     4 ||     5
  Use: Scroll            |     2 |       |     6 |     7 ||    15
       Potion            |       |       |       |     3 ||     3
 Stab: Sleeping          |     4 |       |    12 |    10 ||    26
       Distracted        |       |       |       |     1 ||     1
  Eat: Chunk             |     3 |     3 |    12 |    14 ||    32
       Beef jerky        |       |       |     1 |     1 ||     2
       Royal jelly       |       |       |     1 |       ||     1
       Meat ration       |       |       |     2 |     2 ||     4
       Pizza             |       |       |     1 |     1 ||     2
       Fruit             |       |       |     1 |       ||     1
